 Dungeon Crawl Stone Soup version 0.27-a0-909-g0721f309d1 (webtiles) character file.

Game seed: 1610254703808981604

44 Demosthentine the Poker (level 3, -8/28 HPs)
             Began as a Merfolk Gladiator on Apr 8, 2021.
             Mangled by Crazy Yiuf
             ... wielding a +2 quarterstaff of chaos
              (12 damage)
             ... on level 2 of the Dungeon.
             The game lasted 00:01:32 (2093 turns).

Demosthentine the Poker (Merfolk Gladiator)         Turns: 2093, Time: 00:01:32

Health: -8/28      AC:  0    Str: 15    XL:     3   Next: 60%
Magic:  3/3        EV: 22    Int:  7    God:
Gold:   82         SH:  0    Dex: 20    Spells: 2/2 levels left

rFire    . . .     SeeInvis .   (weapon currently unavailable)
rCold    . . .     Faith    .   (shield currently unavailable)
rNeg     . . .     Spirit   .   (armour currently unavailable)
rPois    .         Reflect  .   (helmet currently unavailable)
rElec    .         Harm     .   (cloak currently unavailable)
rCorr    .         Rampage  .   (gloves currently unavailable)
Will     .....                  (boots currently unavailable)
Stlth    ++........             (no amulet)
HPRegen  0.09/turn              (ring currently unavailable)
MPRegen  0.08/turn              (ring currently unavailable)

@: lethally poisoned (-8 -> -16), bat-form, flying, very quick
A: fast, flying, no casting, tiny, (nimble swimmer 2), (mertail)
a: no special abilities


You were on level 2 of the Dungeon.
You were a bat.
You visited 1 branch of the dungeon, and saw 2 of its levels.

You collected 82 gold pieces.

Inventory:

Hand Weapons
 a - a +0 trident (melded)
Missiles
 d - 3 throwing nets (quivered)
Armour
 b - a +0 leather armour (melded)
 c - a +1 helmet (melded)
 i - a +0 pair of gloves (melded)
Jewellery
 e - a ring of protection from cold
 f - a ring of magical power (melded)
 h - a ring of flight
Scrolls
 j - a scroll of summoning {unknown}
Potions
 g - a potion of curing {unknown}


   Skills:
 + Level 2.8 Fighting
 + Level 5.1 Polearms
 - Level 2.0 Throwing
 + Level 0.8 Armour
 + Level 4.5 Dodging


You had 2 spell levels left.
You didn't know any spells.
Your spell library contained the following spells:

 Spells                   Type           Power      Damage    Failure   Level
 Animate Skeleton         Necr           0%         N/A       43%         1
 Apportation              Tloc           0%         N/A       43%         1
 Corona                   Hex            0%         N/A       43%         1
 Summon Small Mammal      Summ           0%         N/A       43%         1


Dungeon Overview and Level Annotations

Branches:
Dungeon (2/15)

Altars:

Shops:
D:2 [

Annotations:
D:2 Crazy Yiuf


Innate Abilities, Weirdness & Mutations

You are a bat.
You are tiny and dextrous.
You move quickly.
You are flying.
Your equipment is almost entirely melded.
You are incapable of wielding weapons or throwing items.
You cannot cast spells.
((You are quick and stealthy near water. (Stealth+, EV+, Speed+++)))
((Your lower body shifts to a powerful aquatic tail in water.))


Message History

Crazy Yiuf shouts!
Crazy Yiuf grits, "Cards!"
Crazy Yiuf laughs, "Candle water noodlescoop!"
Failed to move towards target.
Could not explore, unopened runed door.
Failed to move towards target.
Failed to move towards target.
Could not explore, unopened runed door.
Failed to move towards target.
Could not explore, unopened runed door.
You open the door.
Crazy Yiuf zaps a wand.
You turn into a bat.
Your +0 trident melds into your body.
Your +1 helmet melds into your body.
Your +0 pair of gloves melds into your body.
Your +0 leather armour melds into your body.
Your ring of magical power melds into your body.
You feel your magic capacity decrease.
You can't do that in your present form.
Unknown command.
Unknown command.
There is an open translucent door here.
You hit Crazy Yiuf but do no damage.
Crazy Yiuf zaps a wand.
You hit Crazy Yiuf but do no damage.
Crazy Yiuf zaps a wand.
You resist with significant effort.
You hit Crazy Yiuf but do no damage. Crazy Yiuf misses you.
You hit Crazy Yiuf but do no damage.
Crazy Yiuf hits you with a +2 quarterstaff of chaos!
Ouch! That really hurt!
You are lethally poisoned!
You hit Crazy Yiuf but do no damage.
You feel very sick.
Crazy Yiuf hits you with a +2 quarterstaff of chaos.
You hit Crazy Yiuf but do no damage.
* * * LOW HITPOINT WARNING * * *
You feel very sick. Crazy Yiuf closely misses you.
You hit Crazy Yiuf.
Crazy Yiuf is lightly wounded.
* * * LOW HITPOINT WARNING * * *
You feel sick.
Crazy Yiuf hits you with a +2 quarterstaff of chaos!
You die...

#.#.#..>..................
#.#.#.#..###.#.......#.###
#.#.###### ####..†.#.#.#
#.#.# #....#.#.### #.#.#
##### #.....^...).
########.#.# #)..#
######.#.### ...........#
#...# #......#.#
#.######.#.# #.g.#
########.# #.#......#.#
#b# #........#
#.#.######## ♣.♣♣
########## #.#.# ♣♣.♣
#.#.# ♣.♣♣ ##### #.#.#
♣♣.♣ #.... #.#.# ♣♣.♣♣
#.### #.#.# ♣♣...♣ #.#
#.#.######## ♣..♣.♣ #.#
#.#........# #....# #.#


You could see Crazy Yiuf.

Vanquished Creatures
  An adder skeleton (D:2)
  A dart slug (D:2)
  3 bats
  3 endoplasms (D:1)
  A giant cockroach (D:1)
  A goblin (D:2)
  A hobgoblin (D:2)
  4 kobolds
  4 quokkas
  3 ball pythons
  7 frilled lizards
  9 rats
38 creatures vanquished.

Vanquished Creatures (others)
  A plant (D:1)
1 creature vanquished.

Grand Total: 39 creatures vanquished

Notes
Turn   | Place    | Note
-------+----------+-------------------------------------------
     0 | D:1      | Demosthentine the Merfolk Gladiator began the quest for the
                  | Orb.
     0 | D:1      | Reached XP level 1. HP: 16/16 MP: 1/1
   170 | D:1      | Reached XP level 2. HP: 22/23 MP: 2/2
   316 | D:1      | Found a faded altar of an unknown god.
  1237 | D:2      | Reached XP level 3. HP: 23/28 MP: 3/3
  1501 | D:2      | Reached skill level 5 in Polearms
  1546 | D:2      | Found a runed translucent door.
  1547 | D:2      | Noticed Crazy Yiuf
  1616 | D:2      | Found Siolaiptogg's Antique Armour Shoppe.
  2093 | D:2      | Mangled by Crazy Yiuf

Illustrated notes

Levels and vault maps discovered:
D:1:      minmay_arrival_checkered_box, layout_basic, basic_ecumenical_altar,
          serial_forest, infiniplex_forest_clump_long,
          infiniplex_forest_clump_medium, infiniplex_forest_straight_2,
          infiniplex_forest_end_1, infiniplex_forest_zigzag_2,
          infiniplex_forest_clump_diagonal, infiniplex_forest_clump_double,
          infiniplex_forest_lined_3_way, infiniplex_forest_clump_long,
          minmay_lizard_pond
D:2:      layout_basic, serial_shops, shop, uniq_crazy_yiuf_cottage

Skill      XL: |  1  2  3 |
---------------+----------+-----
Polearms       | 5 |  5.1
Fighting       | |  2.8
Throwing       | |  2.0
Armour         | |  0.8
Dodging        | |  4.5

Action                   || total
-------------------------++-------
Melee: Trident           ||    86
       Unarmed           ||     7
  Use: Scroll            ||     2
 Stab: Sleeping          ||     6
Armor: Leather armour    ||    21
Dodge: Dodged            ||    36

Table legend: (Time is in decaauts)
 A = Elapsed time spent in this place.
 B = Non-inter-level travel time spent in this place.
 C = Inter-level travel time spent in this place.
 D = Time resting spent in this place.
 E = Time spent auto-exploring this place.
 F = Levels seen in this place.
 G = Mean time per level.
                   A        B        C        D        E       F      G
               +--------+--------+--------+--------+--------+-----+--------+
         Total |   2093 |   2069 |     24 |      0 |   1845 |   2 | 1046.5 |
       Dungeon |   2093 |   2069 |     24 |      0 |   1845 |   2 | 1046.5 |
               +--------+--------+--------+--------+--------+-----+--------+

Top non-repeatable levels by time:
     D:1: 1153 daAuts
     D:2: 939 daAuts
